 Dungeon Sprint DCSS version 0.21.1-1-g345015f (webtiles) character file.

4 galech the Covered (level 1, -9/21 HPs)
             Began as a Deep Dwarf Fighter on Mar 30, 2018.
             Was an Initiate of Makhleb.
             Killed by divine providence
             ... invoked by a mummy priest
              (12 damage)
             ... in the Dungeon (Sprint V: "Ziggurat Sprint").
             The game lasted 00:01:50 (94 turns).

galech the Covered (Deep Dwarf Fighter)               Turns: 94, Time: 00:01:50

Health: -9/21      AC: 26    Str: 19    XL:     1   Next: 50%
Magic:  1/1        EV: -1    Int:  8    God:    Makhleb [......]
Gold:   0          SH: 28    Dex: 24    Spells: 0/0 levels left

rFire    . . .     SeeInvis +   F - +14 obsidian axe {chop, +Fly SInv *Curse} (curse)
rCold    . . .     Gourm    .   H - +18 shield of the Gong {rElec rN+ MR+ EV-5}
rNeg     + . .     Faith    .   G - +15 Maxwell's patent armour {-Cast -Tele rElec MR+ rCorr}
rPois    .         Spirit   .   (no helmet)
rElec    +         Reflect  .   (no cloak)
rCorr    +         Harm     .   (no gloves)
MR       ++...     NoTele   +   (no boots) Stlth ..........NoCast +
                                (no amulet)
HPRegen  0.00/turn              z - +6 ring of dexterity
MPRegen  0.07/turn              A - +6 ring of dexterity

@: mesmerised, non-regenerating
A: damage resistance, heal wounds, sense surroundings 1, no regeneration
a: Heal Wounds, Renounce Religion, Evoke Flight


You were in the Dungeon.
You worshipped Makhleb.
Makhleb was noncommittal.
You were hungry.

You visited 1 branch

Inventory:

Hand Weapons
 F - the cursed +14 obsidian axe (weapon) {chop, +Fly SInv *Curse}
   (You found it in the Dungeon)

   It inflicts extra damage upon your enemies.
   It lets you see invisible.
   It lets you fly.
   It curses itself when equipped.
   It has a curse placed upon it.
Armour
 G - the +15 Maxwell's patent armour (worn) {-Cast -Tele rElec MR+ rCorr}
   (You found it in the Dungeon)

   It insulates you from electricity.
   It affects your resistance to hostile enchantments.
   It prevents spellcasting.
   It prevents most forms of teleportation.
   It protects you from acid and corrosion.
 H - the +18 shield of the Gong (worn) {rElec rN+ MR+ EV-5}
   (You found it in the Dungeon)

   It affects your evasion (-5).
   It insulates you from electricity.
   It protects you from negative energy.
   It affects your resistance to hostile enchantments.
Jewellery
 z - a +6 ring of dexterity (left hand)
 A - a +6 ring of dexterity (right hand)
 B - a +6 ring of intelligence
 C - a +6 ring of intelligence
 D - a +6 ring of strength
 E - a +6 ring of strength
Wands
 w - a wand of disintegration (7)
 x - a wand of iceblast (7)
 y - a wand of acid (7)
Scrolls
 k - 4 scrolls of blinking
 l - 4 scrolls of amnesia
 m - 7 scrolls of fog
 n - a scroll of holy word
 o - 5 scrolls of identify
 p - 5 scrolls of remove curse
 q - 2 scrolls of fear
Potions
 d - 6 potions of might
 e - 10 potions of curing
 g - 10 potions of heal wounds
 h - 6 potions of haste
 i - 7 potions of magic
 j - 3 potions of berserk rage
 r - 2 potions of brilliance
 s - 2 potions of invisibility
 t - 4 potions of resistance
 u - a potion of experience
 v - 5 potions of agility
Comestibles
 f - 7 rations


   Skills:
 + Level 3.0 Fighting
 + Level 2.7 Axes
 + Level 3.7 Armour
 + Level 3.6 Shields


You couldn't memorise any spells.
You didn't know any spells.

Dungeon Overview and Level Annotations

Branches:
Dungeon (1/1)

Altars:
Ashenzari
Cheibriados
Dithmenos
Elyvilon
Fedhas
Gozag
Hepliaklqana
Kikubaaqudgha
Makhleb
Nemelex Xobeh
Okawaru
Qazlal
Ru
Sif Muna
Trog
Uskayaw
Vehumet
Wu Jian
Xom
Yredelemnul
Zin
The Shining One
Beogh
Jiyva
Lugonu

Annotations:
D 1 transporter


Innate Abilities, Weirdness & Mutations

You are resistant to damage.
You can heal yourself by infusing magical energy.
You passively map a small area around you.
You do not regenerate.


Message History

Unknown command.
You are too injured to fight recklessly!
You slash the vampire!
The vampire is almost destroyed.
You slash the spectral adder! You closely miss the hungry ghost.
You slash the flayed ghost!
Visions of slaying the spectral adder flood into your mind.
You block the flayed ghost's attack.
GONNNNG!
The vampire hits you but does no damage.
You block the vampire's attack.
GONNNNG!
You block the spectral adder's attack.
GONNNNG!
The hungry ghost hits you.
You are feeling hungry.
The mummy priest invokes the aid of its god against you.
Something smites you!
Ouch! That really hurt!
You die...

*
▓▓▓▓▓▓▓
,▓.8©8.▓
,▓.....▓
▓.ZM:.▓
▓.3z..▓
*


▓.WVZM▓ , ▓.3@W.▓ * , ▓▓▓▓▓▓▓ * © , , , * ,,,, , , , You could see a mummy
priest, a flayed ghost, a spectral adder, 2 smoke demons, a hungry ghost, a
vampire, a flying skull, a mummy and a leopard gecko simulacrum.

Vanquished Creatures
  An adder zombie (D)
1 creature vanquished.

Notes
Turn   | Place    | Note
-------+----------+-------------------------------------------
     0 | D        | Found the +6 Majin-Bo {vamp, Archmagi MP+6 Int+6}
     0 | D        | galech the Deep Dwarf Fighter began the quest for the Orb.
     0 | D        | Reached XP level 1. HP: 20/20 MP: 1/1
     2 | D        | Found a blossoming altar of Fedhas.
     3 | D        | Found a viscous altar of Jiyva.
     3 | D        | Found a hazy altar of Hepliaklqana.
     3 | D        | Found a transporter.
     3 | D        | Found an opulent altar of Gozag.
     3 | D        | Found an ancient bone altar of Kikubaaqudgha.
     3 | D        | Found a corrupted altar of Lugonu.
     6 | D        | Found a burning altar of Makhleb.
     7 | D        | Found a sacrificial altar of Ru.
     7 | D        | Found a stormy altar of Qazlal.
     7 | D        | Found a deep blue altar of Sif Muna.
     7 | D        | Found an iron altar of Okawaru.
     7 | D        | Found a bloodstained altar of Trog.
     7 | D        | Found a sparkling altar of Nemelex Xobeh.
    31 | D        | Became a worshipper of Makhleb the Destroyer
    34 | D        | Found the +6 shillelagh "Devastator" {shatter}
    34 | D        | Found the +11 plutonium sword {*Contam Stlth-}
    34 | D        | Found the +8 lance "Wyrmbane" {slay drac, rPois rF+ rC+ AC+3}
    34 | D        | Found the +9 sword of Zonguldrok {reap}
    34 | D        | Found the cursed +13 scythe of Curses {drain, *Curse}
    34 | D        | Found the +0 sword of Power
    34 | D        | Found the +12 mace of Variability {chaos}
    34 | D        | Found the +7 Singing Sword
    34 | D        | Found the +7 longbow "Piercer" {penet, EV-2}
    35 | D        | Found the +9 heavy crossbow "Sniper" {velocity, Acc+∞ SInv}
    35 | D        | Found the +10 dark maul {crush}
    35 | D        | Found the +15 Maxwell's patent armour {-Cast -Tele rElec MR+ rCorr}
    35 | D        | Found the +18 shield of the Gong {rElec rN+ MR+ EV-5}
    35 | D        | Found the cursed +14 obsidian axe {chop, +Fly SInv *Curse}
    88 | D        | Entered arena 2.
    88 | D        | Noticed a mummy priest
    88 | D        | Found a transporter.
    89 | D        | Noticed a flayed ghost
    89 | D        | Noticed a vampire
    91 | D        | Noticed a hungry ghost
    92 | D        | Noticed a hungry ghost
    92 | D        | Noticed a flying skull
    93 | D        | Noticed a smoke demon
    93 | D        | Noticed a smoke demon
    94 | D        | Killed from afar by a mummy priest

Skill      XL: |  1 |
---------------+----+-----
Fighting       | 3 |  3.0
Axes           | |  2.7
Armour         | |  3.7
Shields        | |  3.6

Action                   || total
-------------------------++-------
Melee: Broad axe         ||     6
Armor: Plate armour      ||    13
Block: Shield            ||    17
